AoeStats
← 大王同学

African Clearing

503811494Analyzed
4v4 RM · 28d ago on Sep 2, 2026· 33m 17s· 8 players
Game mode
Random Map
Map size
Large (8 player)
Population
200
Speed
Normal
Resources
Standard
Victory
Conquest
Starting age
Dark Age
Ending age
Imperial Age
RankedLock teamsTeams togetherTeam positionsShared explorationLock speedFull tech treeHidden civsTurbo modeCheats
Victory
Defeat
🇭🇰 Maya · Hong Kong SAR China
1288
+13
🇨🇳 Burgundians · China
1262
+14
🇺🇸 Magyars · United States
1238
+16
🇨🇳 Chinese · China
1163
+19
🇪🇸 Cumans · Spain
1254
-17
🇪🇸 Berbers · Spain
1242
-16
🇦🇷 Khmer · Argentina
1216
-15
🇹🇼 Koreans · Taiwan
1203
-14
帅气的孔
13:20 Feudal Age
16:15 Castle Age
16:28 Double-Bit Axe
16:46 Loom
27:15 Bloodlines
27:54 Fletching
31:07 Forging
31:02 Scale Barding Armor
34:24 Wheelbarrow
|GaoeG| flamingo
9:06 Loom
12:22 Feudal Age
13:43 Double-Bit Axe
14:25 Horse Collar
15:50 Forging
26:09 Castle Age
28:20 Castle Age
28:26 Gold Mining
28:29 Stone Mining
31:48 Bow Saw
32:00 Bloodlines
31:51 Husbandry
32:42 Fletching
這輩子就這樣了
11:22 Loom
13:30 Feudal Age
14:30 Double-Bit Axe
17:17 Castle Age
18:57 Bow Saw
20:57 Town Watch
22:08 Pikeman
22:48 Squires
|GaoeG| Joseba77
5:54 Loom
11:59 Feudal Age
13:07 Double-Bit Axe
17:49 Wheelbarrow
24:24 Castle Age
23:16 Scale Barding Armor
23:24 Bloodlines
23:14 Horse Collar
24:41 Forging
25:12 Gold Mining
26:05 Wheelbarrow
25:57 Chain Barding Armor
25:38 Light Cavalry
29:39 Iron Casting
Mace of Noag Bol
4:18 Loom
13:15 Feudal Age
14:32 Double-Bit Axe
16:54 Scale Barding Armor
20:25 Wheelbarrow
24:24 Castle Age
23:32 Bloodlines
25:24 Horse Collar
大王同学
13:23 Feudal Age
12:54 Loom
17:12 Castle Age
15:16 Double-Bit Axe
16:34 Fletching
18:37 Bodkin Arrow
18:39 Gold Mining
20:35 Bow Saw
24:44 Crossbowman
25:34 Horse Collar
27:32 Wheelbarrow
28:29 Padded Archer Armor
29:33 Town Watch
方霍霍
8:23 Loom
11:49 Loom
13:46 Feudal Age
20:32 Castle Age
19:08 Double-Bit Axe
26:31 Scale Mail Armor
27:48 Forging
28:31 Chain Mail Armor
Wosnwbwk
5:56 Loom
13:34 Feudal Age
17:40 Castle Age
15:33 Double-Bit Axe
16:30 Stone Mining
22:52 Scale Barding Armor
31:50 Chain Barding Armor
32:49 Forging
Connection lost

Rejoining the realm…

Still unreachable

The connection could not be restored.

Session expired

The server has moved on; the page needs a fresh start.